 Dungeon Crawl Stone Soup version 0.30-a0-626-gd6a5dd7a1f (webtiles) character file.

Game seed: 14666757546779399731

1954274 tensugalgo the Sculptor of Flesh (level 27, 219/223 HPs)
             Began as a Gnoll Warper on Jan 11, 2023.
             Was a Follower of Yredelemnul.
             Escaped with the Orb
             ... and 4 runes!
             The game lasted 04:13:02 (93113 turns).

tensugalgo the Sculptor of Flesh (Gnoll Warper)    Turns: 93113, Time: 04:13:03

Health: 219/223    AC: 38    Str: 22    XL:     27
Magic:  26/46      EV: 21    Int: 23    God:    Yredelemnul [*.....]
Gold:   8202       SH: 14    Dex: 15    Spells: 6/65 levels left

rFire   + + .      SeeInvis +    L - +3 Elemental Staff {rElec rF++ rC++ AC+5}
rCold   + + +      Faith    .    O - +5 buckler of the Poles {rPois Str+3}
rNeg    + . .      Spirit   .    M - +7 swamp dragon scales
rPois   +          Reflect  .    a - +2 helmet {SInv}
rElec   +          Harm     .    H - +2 cloak {rCorr}
rCorr   +          Rampage  .    T - +0 pair of gloves
Will    ++++.      Clarity  +    i - +2 pair of boots {Stlth+}
Stlth   +++                      o - amulet of the Four Winds {rN+ Will+++ Clar}
HPRegen 0.57/turn                p - ring "Kemofaicw" {Fly rPois rC+ Will- Str+6}
MPRegen 0.30/turn                J - ring "Xoenwiog" {Wiz Dex+2 Slay+2 SInv}

@: flying, studying 2 skills
A: fangs 1, strong nose, distributed training, subdued magic 1, MP-powered wands
0: Orb of Zot
}: 4/15 runes: decaying, slimy, silver, gossamer
a: Renounce Religion, Recall Undead Harvest


You escaped.
You worshipped Yredelemnul.
Yredelemnul was greatly pleased with you.
You visited 10 branches of the dungeon, and saw 52 of its levels.
You also visited: Sewer, Bailey, Gauntlet and Desolation.

You collected 11113 gold pieces.
You spent 2911 gold pieces at shops.

Inventory:

Hand Weapons
 e - the +10 spear "Ipog" {flame, Drain rC+ rCorr Int+6}
   (You found it on level 3 of the Swamp)

   Int:       It affects your intelligence (+6).
   rC:        It protects you from cold.
   rCorr:     It protects you from acid and corrosion.
   Drain:     It drains your maximum health when unequipped.
 L - the +3 Elemental Staff (weapon) {rElec rF++ rC++ AC+5}
   (You took it off a deep elf death mage on level 3 of the Elven Halls)

   If the wielder is skilled in Evocations, they can discharge powerful blasts
   of elemental energy when striking with it.
   It enhances your fire, ice, earth and air magic.
   AC:        It affects your AC (+5).
   rF:        It greatly protects you from fire.
   rC:        It greatly protects you from cold.
   rElec:     It insulates you from electricity.
Missiles
 k - 9 silver javelins
 Y - 9 curare-tipped darts
Armour
 a - a +2 helmet of see invisible (worn)
 i - a +2 pair of boots of stealth (worn)
 H - a +2 cloak of preservation (worn)
 M - +7 swamp dragon scales (worn)
 O - the +5 buckler of the Poles (worn) {rPois Str+3}
   (You bought it in a shop on level 1 of the Vaults)

   Str:       It affects your strength (+3).
   rPois:     It protects you from poison.
 T - a +0 pair of gloves (worn)
Jewellery
 o - the amulet of the Four Winds (around neck) {rN+ Will+++ Clar}
   (You found it in a Gauntlet)

   [amulet of nothing]

   rN:        It protects you from negative energy.
   Clar:      It protects you against confusion.
   Will:      It greatly increases your willpower.
 p - the ring "Kemofaicw" (left hand) {Fly rPois rC+ Will- Str+6}
   (You found it on level 5 of the Pits of Slime)

   [ring of protection from cold]

   Str:       It affects your strength (+6).
   rC:        It protects you from cold.
   rPois:     It protects you from poison.
   Fly:       It grants you flight.
   Will:      It decreases your willpower.
 t - the ring of Ejonar {rPois rC+ Will+ Dex+2}
   (You found it on level 5 of the Vaults)

   [ring of protection from cold]

   Dex:       It affects your dexterity (+2).
   rC:        It protects you from cold.
   rPois:     It protects you from poison.
   Will:      It increases your willpower.
 y - a +5 ring of evasion
 J - the ring "Xoenwiog" (right hand) {Wiz Dex+2 Slay+2 SInv}
   (You found it on level 5 of the Pits of Slime)

   [ring of wizardry]

   It improves your spell success rate.
   Dex:       It affects your dexterity (+2).
   Slay:      It affects your accuracy & damage with ranged weapons and melee
   (+2).
   SInv:      It lets you see invisible.
Wands
 g - a wand of light (21)
 D - a wand of digging (24)
 N - a wand of iceblast (18)
 S - a wand of paralysis (74)
 W - a wand of polymorph (17)
 X - a wand of mindburst (44)
Scrolls
 c - 3 scrolls of blinking
 h - 12 scrolls of teleportation
 l - 7 scrolls of torment
 m - 10 scrolls of poison
 r - 11 scrolls of fear
 u - 2 scrolls of magic mapping
 w - 5 scrolls of fog
 A - 8 scrolls of vulnerability
 C - 3 scrolls of silence
 Q - 15 scrolls of amnesia
Potions
 f - 10 potions of lignification
 j - 7 potions of brilliance
 n - 13 potions of mutation
 q - 17 potions of curing
 v - 9 potions of haste
 z - 2 potions of berserk rage
 E - 4 potions of resistance
 G - 5 potions of flight
 P - 3 potions of heal wounds
 R - 5 potions of magic
 U - 13 potions of might
 V - 10 potions of invisibility
 Z - 4 potions of cancellation
Miscellaneous
 b - a condenser vane
 d - a phantom mirror
 x - a lightning rod (4/4)
 B - a piece from Xom's chessboard (15/15)
 F - a box of beasts
 I - a phial of floods
 K - a tin of tremorstones (2/2)


   Skills:
 + Level 19.6 Fighting
 + Level 19.2 Short Blades
 + Level 19.2 Long Blades
 + Level 19.2 Axes
 + Level 19.6 Maces & Flails
 + Level 19.2 Polearms
 + Level 19.2 Staves
 + Level 19.2 Ranged Weapons
 + Level 19.3 Throwing
 + Level 19.3 Armour
 + Level 19.6 Dodging
 + Level 19.2 Stealth
 + Level 19.2 Shields
 + Level 19.2 Unarmed Combat
 + Level 19.7 Spellcasting
 + Level 16.3 Conjurations
 + Level 16.3 Hexes
 + Level 16.3 Summonings
 + Level 16.3 Necromancy
 + Level 17.1 Translocations
 + Level 16.3 Transmutations
 + Level 16.3 Fire Magic
 + Level 17.7 Ice Magic
 + Level 16.3 Air Magic
 + Level 16.3 Earth Magic
 + Level 16.3 Poison Magic
 + Level 20.7 Invocations
 + Level 20.6 Evocations


You had 6 spell levels left.
You knew the following spells:

 Your Spells              Type           Power      Damage    Failure   Level
a - Blink                 Tloc           100%       N/A       0%          2
b - Mephitic Cloud        Conj/Pois/Air  85%        N/A       0%          3
c - Stone Arrow           Conj/Erth      100%       3d13      0%          3
d - Swiftness             Air            85%        N/A       0%          3
e - Passwall              Tmut/Erth      70%        N/A       0%          2
f - Petrify               Tmut/Erth      85%        N/A       0%          4
g - Olgreb's Toxic Radia  Pois           66%        N/A       0%          4
h - Apportation           Tloc           100%       N/A       0%          1
i - Borgnjor's Vile Clut  Necr/Erth      42%        N/A       1%          5
j - Freezing Cloud        Conj/Ice/Air   54%        6-21      1%          5
k - Lee's Rapid Deconstr  Erth           42%        3d21*     1%          5
l - Iron Shot             Conj/Erth      42%        9d8       1%          6
m - Maxwell's Capacitive  Air            42%        ∞         9%          8
n - Ignition              Fire           42%        3d12      9%          8

Your spell library contained the following spells:

 Spells                   Type           Power      Damage    Failure   Level
 Freeze                   Ice            100%       1d10      0%          1
 Kiss of Death            Conj/Necr      100%       2d13      0%          1
 Magic Dart               Conj           100%       1d8       0%          1
 Sandblast                Erth           100%       2d20      0%          1
 Slow                     Hex            100%       N/A       0%          1
 Sting                    Tmut/Pois      100%       1d8       0%          1
 Summon Small Mammal      Summ           100%       N/A       0%          1
 Call Imp                 Summ           66%        N/A       0%          2
 Cigotuvi's Dreadful Rot  Necr/Pois/Air  100%       N/A       0%          2
 Ensorcelled Hibernation  Hex/Ice        100%       N/A       0%          2
 Poisonous Vapours        Pois/Air       100%       N/A       0%          2
 Static Discharge         Conj/Air       100%       2-7/arc   0%          2
 Sublimation of Blood     Necr           66%        N/A       0%          2
 Call Canine Familiar     Summ           66%        N/A       0%          3
 Confusing Touch          Hex            66%        N/A       0%          3
 Dazzling Flash           Conj/Hex       100%       N/A       0%          3
 Frozen Ramparts          Ice            100%       1d16      0%          3
 Hailstorm                Conj/Ice       86%        3d17      0%          3
 Ignite Poison            Fire/Tmut/Pois 85%        N/A       0%          3
 Inner Flame              Hex/Fire       85%        N/A       0%          3
 Kindle Blastsparks       Fire/Tloc/Air  100%       2d18      0%          3
 Lesser Beckoning         Tloc           100%       N/A       0%          3
 Ozocubu's Armour         Ice            88%        N/A       0%          3
 Portal Projectile        Hex/Tloc       100%       N/A       0%          3
 Spider Form              Tmut/Pois      66%        N/A       0%          3
 Summon Guardian Golem    Hex/Summ       66%        N/A       0%          3
 Teleport Other           Tloc           67%        N/A       0%          3
 Tukima's Dance           Hex            66%        N/A       0%          3
 Vampiric Draining        Necr           66%        2d10      0%          3
 Vhi's Electric Charge    Tloc/Air       100%       N/A       0%          3
 Animate Armour           Summ/Erth      100%       N/A       0%          4
 Cause Fear               Hex            33%        N/A       0%          4
 Dispel Undead            Necr           66%        3d23      0%          4
 Flame Wave               Conj/Fire      85%        2d18      0%          4
 Fulminant Prism          Conj/Hex       33%        3d15      0%          4
 Ice Form                 Ice/Tmut       86%        N/A       0%          4
 Iskenderun's Mystic Bla  Conj/Tloc      67%        2d14      0%          4
 Leda's Liquefaction      Hex/Erth       42%        N/A       0%          4
 Manifold Assault         Tloc           67%        N/A       0%          4
 Sticky Flame             Conj/Fire      85%        2d10      0%          4
 Summon Ice Beast         Ice/Summ       86%        N/A       0%          4
 Summon Lightning Spire   Summ/Air       85%        N/A       0%          4
 Alistair's Intoxication  Tmut/Pois      44%        N/A       1%          5
 Arcjolt                  Conj/Air       42%        1d52      1%          5
 Fireball                 Conj/Fire      42%        3d17      1%          5
 Irradiate                Conj/Tmut      33%        3d22      1%          5
 Iskenderun's Battlesphe  Conj           66%        2d12      1%          5
 Lightning Bolt           Conj/Air       42%        1d62      1%          5
 Metabolic Englaciation   Hex/Ice        43%        N/A       1%          5
 Yara's Violent Unravell  Hex/Tmut       33%        3d14      1%          5
 Starburst                Conj/Fire      42%        6d12      1%          6
 Statue Form              Tmut/Erth      56%        N/A       1%          6
 Enfeeble                 Hex            33%        N/A       1%          7
 Monstrous Menagerie      Summ           33%        N/A       1%          7
 Orb of Destruction       Conj           33%        9d10      1%          7
 Ozocubu's Refrigeration  Ice            44%        4d17      1%          7
 Spellforged Servitor     Conj/Summ      33%        N/A       1%          7
 Storm Form               Tmut/Air       42%        N/A       1%          7
 Discord                  Hex            33%        N/A       9%          8
 Lehudib's Crystal Spear  Conj/Erth      42%        10d10     9%          8
 Chain Lightning          Conj/Air       42%        3d56      77%         9
 Fire Storm               Conj/Fire      42%        8d11      77%         9
 Shatter                  Erth           42%        3d33*     77%         9
 Animate Dead             Necr           Unusable   N/A       N/A         4
 Death Channel            Necr           Unusable   N/A       N/A         6
 Simulacrum               Ice/Necr       Unusable   N/A       N/A         6

Dungeon Overview and Level Annotations

Branches:
Dungeon (15/15)            Temple (0/1) D:7            Lair (5/5) D:10
  Swamp (4/4) Lair:3       Spider (4/4) Lair:3        Slime (5/5) Lair:5
    Orc (2/2) D:9             Elf (3/3) Orc:2        Vaults (5/5) D:13
  Crypt (0/3) Vaults:2     Depths (4/4) D:15            Zot (5/5) Depths:4
  Sewer (visited)          Bailey (visited)         Desolation (visited)
Gauntlet (visited)

Altars:
Ashenzari
Cheibriados
Elyvilon
Fedhas
Gozag
Hepliaklqana
Makhleb
Nemelex Xobeh
Uskayaw
Vehumet
Wu Jian
Xom
Yredelemnul
Zin

Shops:
D:6 :   D:8 =   Orc:1 [   Orc:2 ?*[=[   Elf:2 =:=   Vaults:1 [*   Vaults:2 :
Depths:1 (*

Portals:
Hell: Depths:1 Depths:2 Depths:3 Depths:4
Abyss: Depths:1 Depths:3 Depths:4
Pandemonium: Orc:2 Depths:2
Ziggurat: Depths:4

Annotations:
D:3 2 transporters, WienerDreamer's ghost, amateur GrFi
D:4 exclusion: water moccasin
D:9 3 runed translucent doors, kuniqs's ghost, novice DgWr
D:10 exclusion: obsidian statue
D:15 1 transporter
Swamp:3 2 transporters, Beesi's ghost, journeyman FeSu
Elf:1 2 transporters, Onkax's ghost, adept SpHu
Elf:2 5 runed translucent doors
Vaults:2 1 transporter
Vaults:3 2 runed translucent doors, confidenceinterval's ghost, adept SpHu
Depths:4 4 exclusions


Innate Abilities, Weirdness & Mutations

You have very sharp teeth.
Your uncanny sense of smell can sniff out nearby items.
Your experience applies equally to all skills.
Your spells are a little easier to cast, but a little less powerful.
You expend magic power (3 MP) to strengthen your wands.


Message History

You fly upwards.
There is a stone staircase leading down here.
Your extra speed is starting to run out.
A hell beast comes into view.
You feel yourself slow down.
Aiming: Dig
Press: ? - help, Shift-Dir - straight line You can't see that place.
You feel a surge of power!
The rock shatters into small pieces.
You block the hell beast's attack.
The hell beast tramples you but does no damage.
The hell beast bites you but does no damage.
The hell beast closely misses you. The hell beast bites you.
You block the hell beast's attack. You block the hell beast's attack. x2
The hell beast closely misses you.
The hell beast tramples you but does no damage.
There is a stone staircase leading up here.
The hell beast bites you but does no damage.
The hell beast misses you.
You fly upwards.
There is a stone staircase leading down here.
Casting: Iron Shot (mildly dangerous; 1% risk of failure)
Confirm with . or Enter, or press ? or * to list all spells.
You feel a surge of power!
You begin accumulating electric charge. (Press . to continue charging.)
You feel charge building up... You block the hell beast's attack.
The hell beast completely misses you. The hell beast closely misses you.
You block the hell beast's attack.
You feel charge building up... The hell beast misses you.
The hell beast closely misses you.
The electricity discharges through the hell beast!
The hell beast vaporises in an electric haze!
You kill the hell beast!
A black mist starts to gather...
You swap places.
There is an open door here.
There is an open door here.
There is a staircase leading out of the dungeon here.
You have escaped!

)########### #'##........#.....
.# ##.#######...#..... .# #...#
#...#..... .# #...# #...#..... .#
#...# #...#..... .# ##...##
#...#..... .######
#####..8..#####...######
......####.............##.#######
#####...'.....8.@.8.....'.##....#
######......Z......#####....#
#####..8..#####...+....'
##...######.###....#
#...#.........#....
#...#.####.#..#+### #...#.#
#.......# ##.##.# #.......#
#'##.# #.......##


You could see a friendly spectral hell beast.

Vanquished Creatures
  4 dread liches
  An ancient lich (Vaults:5)
  Mara (Depths:2)
  8 orbs of fire the Lernaean hydra (Swamp:4)
  A curse toe (Zot:4)
  3 Killer Klowns (Zot:5)
  A caustic shrike (Depths:3)
  9 golden dragons
  2 bone dragons
  5 electric golems
  18 Orb Guardians
  2 Hell Sentinels (Zot:2)
  6 tentacled monstrosities
  A titan (Vaults:5)
  2 liches
  4 deep elf blademasters
  2 quicksilver dragons
  A deep elf master archer (Elf:3)
  An ancient champion (Depths:1)
  7 death cobs
  6 sphinxes
  4 acid blobs
  6 shadow dragons
  5 storm dragons
  3 tengu reavers
  Roxanne (Elf:2)
  6 draconian monks
  5 fire giants
  8 rockslimes
  4 azure jellies
  10 ghost moths
  14 vault wardens
  10 frost giants
  4 draconian knights
  12 deep elf sorcerers
  An iron dragon (Vaults:5)
  Louise (Swamp:1)
  2 deep elf elementalists (Elf:3)
  2 draconian stormcallers
  4 ghouls
  3 draconian shifters
  2 war gargoyles
  2 emperor scorpions
  A broodmother (Spider:4)
  9 ironbound preservers
  5 quicksilver oozes
  34 very ugly things
  3 draconian annihilators
  4 ironbound thunderhulks
  14 stone giants
  6 green draconians
  9 deep elf demonologists
  2 vampire knights
  A halazid warlock (Desolation)
  A minotaur (Gauntlet)
  10 deep elf annihilators (Elf:3)
  2 eleionomae
  9 purple draconians
  8 black draconians
  A bunyip (Swamp:4)
  10 white draconians
  7 red draconians
  3 spark wasps
  A blizzard demon (D:15)
  2 dire elephants (Vaults:1)
  7 yellow draconians
  7 deep elf death magi
  10 ettins
  4 fire dragons
  6 deep elf high priests
  2 crystal guardians
  A merfolk impaler (Depths:3)
  10 yaktaur captains
  A ragged hierophant (Desolation)
  2 jiangshi (Depths:2)
  2 entropy weavers
  A servant of whispers (Desolation)
  10 great orbs of eyes
  3 ice dragons
  A ghost crab (Swamp:2)
  18 vault guards
  2 demonspawn (Orc:2)
  A spriggan air mage (D:15)
  5 ironbound frosthearts
  3 jorogumos
  13 hydras
  3 ogre magi
  9 centaur warriors
  2 peacekeepers
  5 boulder beetles
  A radroach (Spider:4)
  2 catoblepae (Lair:5)
  8 two-headed ogres
  A hell beast (D:1)
  8 alligators
  10 dancing weapons
  2 tengu warriors
  A vampire mage (Depths:3)
  11 death yaks
  4 deep troll earth magi
  3 spriggan berserkers
  2 orc high priests (Orc:2)
  8 hell knights
  16 deep elf knights
  3 skeletal warriors
  A soul eater (Depths:3)
  2 large abominations (Depths:4)
  A pharaoh ant (Spider:4)
  A shadow wraith (Vaults:5)
  A spriggan rider (Depths:1)
  3 goliath frogs
  3 glowing orange brains
  An iron troll (Zot:4)
  2 swamp dragons
  8 bog bodies
  6 lindwurms
  20 deep trolls
  3 phantasmal warriors
  2 steelbarb worms
  3 orc knights
  10 ironbound convokers
  15 deep elf archers
  A wizard (Vaults:1)
  27 deep elf pyromancers
  19 deep elf zephyrmancers
  4 spectral spriggans (Swamp:2)
  2 cyclopes
  9 wolf spiders
  A sphinx skeleton (Depths:2)
  6 necromancers
  An ugly thing zombie (D:14)
  A will-o-the-wisp (Swamp:2)
  4 manticores
  5 orc sorcerers
  26 ugly things
  3 shining eyes
  24 moths of wrath
  A stone giant skeleton (Vaults:3)
  4 elephants
  3 demonic crawlers (Spider:4)
  An elf zombie (Elf:3)
  3 guardian serpents
  A gargoyle (D:12)
  A black mamba (Lair:2)
  9 vault sentinels
  3 eyes of devastation
  Maggie (D:7)
  An unseen horror (Depths:4)
  A molten gargoyle (Desolation)
  8 komodo dragons
  5 cane toads
  2 kobold demonologists
  2 rime drakes (Lair:3)
  A tengu conjurer (Depths:3)
  2 efreet
  A tormentor (D:5)
  A death yak zombie (Lair:5)
  21 yaktaurs
  2 freezing wraiths
  A queen bee (shapeshifter) (Elf:2)
  7 trolls
  A hellwing (Orc:2)
  3 tyrant leeches
  A bloated husk (Swamp:2)
  9 hornets
  16 tarantellas
  9 blink frogs
  21 saltlings (Desolation)
  2 dream sheep (shapeshifter)
  A guardian serpent zombie (Desolation)
  11 jumping spiders
  A fire giant simulacrum (Vaults:3)
  14 culicivoras
  37 slime creatures
  2 slime creature zombies
  A spriggan (shapeshifter) (Elf:2)
  2 spriggans
  2 shadows
  5 wyverns
  4 water elementals
  23 yaks
  A vampire (D:9)
  2 golden eyes (Slime:3)
  Eustachio (D:6)
  9 vampire mosquitoes
  2 basilisks
  3 chaos spawn (Depths:4)
  A steam dragon (D:8)
  3 fire elementals
  24 redbacks
  2 swamp worms (Swamp:2)
  5 small abominations (Depths:4)
  2 wargs (Orc:2)
  2 acid dragons (D:12)
  12 water moccasins
  2 floating eyes
  29 orc warriors
  2 hell hounds (Spider:1)
  A swamp drake (Swamp:1)
  A sky beast (D:7)
  An ice beast (D:8)
  3 black bears
  10 wolves
  6 ogres
  A boggart (Vaults:2)
  3 centaurs
  A spectral chaos spawn (Depths:4)
  2 kobold brigands
  4 bullfrogs
  A gnoll sergeant (D:8)
  4 scorpions
  8 wights (D:8)
  3 earth elementals (Elf:2)
  A water moccasin zombie (Lair:3)
  A yak zombie (Lair:5)
  7 killer bees
  A human simulacrum (Vaults:3)
  6 howler monkeys
  A wolf zombie (Lair:3)
  3 electric eels
  A crimson imp (D:10)
  6 hounds
  3 jellies
  17 orc priests
  Terence (D:2)
  A hell rat (Sewer)
  2 iguanas
  7 orc wizards
  A killer bee zombie (D:9)
  A howler monkey zombie (D:9)
  7 gnolls
  4 river rats (Sewer)
  10 adders
  A shadow imp (D:5)
  An ufetubus (D:6)
  A worm (D:2)
  4 dart slugs
  83 orcs
  9 bats
  8 endoplasms
  4 giant cockroaches
  A gnoll zombie (Bailey)
  25 goblins
  7 hobgoblins
  11 kobolds
  6 quokkas
  7 ball pythons
  An endoplasm zombie (Lair:5)
  4 frilled lizards
  7 orc zombies
  8 rats
1427 creatures vanquished.

Vanquished Creatures (collateral kills)
  A dread lich (Vaults:5)
  A juggernaut (Depths:4)
  A Killer Klown (Zot:2)
  2 caustic shrikes (Depths:3)
  3 golden dragons
  A bone dragon (Depths:4)
  Jorgrun (D:12)
  8 tentacled monstrosities
  Rupert (Lair:3)
  An Ice Fiend (Depths:3)
  3 titans
  A lich (Depths:2)
  6 Orb Guardians (Zot:5)
  A quicksilver dragon (Zot:1)
  Frances (Swamp:1)
  5 sphinxes
  10 acid blobs
  4 death cobs
  3 storm dragons
  3 tengu reavers
  A thorn hunter (Swamp:4)
  2 shadow dragons (Vaults:5)
  Agnes (D:14)
  4 rockslimes
  11 frost giants
  6 fire giants
  10 azure jellies
  An emperor scorpion (Spider:1)
  A draconian knight (Zot:5)
  2 draconian shifters
  A balrug (Zot:4)
  4 ghost moths
  2 draconian scorchers (Zot:1)
  An iron dragon (Slime:5)
  2 vault wardens
  A deep elf elementalist (Elf:3)
  A draconian stormcaller (Depths:4)
  2 ghouls
  A caustic shrike zombie (Depths:3)
  9 quicksilver oozes
  5 draconian annihilators
  An ironbound preserver (Vaults:4)
  A quicksilver ooze (shapeshifter) (D:15)
  An orc warlord (Vaults:2)
  4 broodmothers
  11 very ugly things
  10 stone giants
  6 black draconians
  A spectral quicksilver dragon (Vaults:5)
  A spriggan defender (Depths:2)
  A vampire knight (Depths:4)
  2 eleionomae
  5 ironbound thunderhulks
  4 green draconians
  4 purple draconians
  A dire elephant (Vaults:1)
  5 yellow draconians
  A bunyip (Swamp:4)
  A deep elf demonologist (Vaults:5)
  2 white draconians
  6 red draconians
  5 spark wasps
  6 ettins
  Snorg (Orc:2)
  3 deep elf death magi (Elf:3)
  A merfolk impaler (Depths:4)
  2 fire dragons
  3 deep elf high priests
  5 great orbs of eyes
  5 entropy weavers
  3 yaktaur captains
  An ice dragon (shapeshifter) (Vaults:4)
  10 hydras
  16 vault guards
  A peacekeeper (Vaults:2)
  A jorogumo (Spider:4)
  A demonspawn (Orc:2)
  7 centaur warriors
  An ice dragon (Depths:4)
  An ogre mage (Vaults:5)
  A ghost crab (Swamp:4)
  3 ironbound frosthearts
  2 radroaches
  7 boulder beetles
  2 catoblepae
  2 death knights
  6 death yaks (Lair:5)
  A tengu warrior (D:15)
  4 orc high priests (Orc:2)
  A deep troll shaman (Depths:4)
  A vampire mage (Depths:2)
  6 alligators
  7 two-headed ogres
  A quicksilver ooze zombie (Slime:3)
  Sonja (Lair:2)
  3 deep troll earth magi
  2 hell knights (Vaults:5)
  4 iron trolls
  7 skeletal warriors
  2 goliath frogs (Swamp:1)
  4 pharaoh ants
  A spriggan druid (Swamp:4)
  A spriggan rider (Swamp:3)
  3 glowing orange brains
  17 deep trolls
  13 swamp dragons
  3 orb spiders
  3 bog bodies
  2 deep elf archers
  3 steelbarb worms
  A wizard (Depths:2)
  A phantasmal warrior (D:14)
  7 ironbound convokers
  2 deep elf pyromancers (Elf:1)
  6 orc knights
  2 deep elf zephyrmancers
  5 shining eyes
  A wolf spider zombie (Spider:4)
  A large abomination (Depths:4)
  A shadow dragon skeleton (Depths:2)
  5 orc sorcerers
  3 will-o-the-wisps
  A manticore (Lair:5)
  9 ugly things
  12 wolf spiders
  4 cyclopes
  A tengu skeleton (Vaults:3)
  4 elephants
  8 moths of wrath
  2 black mambas (Lair:5)
  3 vault sentinels
  2 spectral spriggans (Swamp:2)
  An eye of devastation (Slime:4)
  4 demonic crawlers
  3 cane toads
  A rime drake (shapeshifter) (D:13)
  6 komodo dragons
  A torpor snail (Lair:4)
  A rime drake (Lair:1)
  2 freezing wraiths
  A redback zombie (Spider:1)
  3 yaktaurs
  2 tengu conjurers
  A spriggan skeleton (Depths:2)
  4 trolls
  2 hornets
  A human zombie (Vaults:4)
  A polar bear (Lair:4)
  27 tarantellas
  9 tyrant leeches
  A hornet (shapeshifter) (D:12)
  A saltling (Vaults:2)
  12 blink frogs
  17 culicivoras
  A jumping spider (shapeshifter) (Vaults:5)
  72 slime creatures
  26 jumping spiders
  3 wraiths
  4 water elementals
  4 spriggans
  23 yaks
  A wyvern (Lair:3)
  4 basilisks
  A steam dragon (Lair:4)
  2 fire elementals (Spider:1)
  A vampire mosquito (D:12)
  31 redbacks
  2 wargs (Orc:2)
  11 swamp worms
  An acid dragon (D:11)
  3 water moccasins (Lair:5)
  A hell hound (Spider:1)
  4 swamp drakes (Swamp:4)
  11 orc warriors
  3 small abominations (Depths:4)
  4 wolves
  2 ogres (Zot:4)
  9 centaurs
  A kobold brigand (D:9)
  A necrophage (Swamp:1)
  A killer bee (D:9)
  12 jellies (Lair:5)
  9 orc priests
  2 orc wizards
  An iguana (Lair:1)
  A gnoll (D:8)
  A river rat (Sewer)
  27 orcs
  3 goblins (Bailey)
  2 kobolds
  A rat (Sewer)
847 creatures vanquished.

Vanquished Creatures (others)
  A spectral shard shrike (Zot:4)
  2 Orb Guardians (Zot:5)
  A spectral tengu (Vaults:5)
  A draconian knight (Zot:5)
  A fire giant (Depths:3)
  4 spectral tentacled monstrosities
  A spectral sphinx (Vaults:3)
  2 Killer Klown zombies
  A spectral quicksilver dragon (Zot:1)
  A rockslime zombie (Slime:2)
  A spectral golden dragon (Zot:5)
  A spectral rockslime (Slime:4)
  spectral Mlioglotl (Swamp:4)
  A purple draconian (Zot:1)
  14 very ugly thing zombies
  A spectral Ice Fiend (Depths:3)
  A quicksilver dragon zombie (Zot:1)
  3 acid blob zombies
  2 spectral humans
  A hydra (Swamp:4)
  A spectral storm dragon (Zot:2)
  A spectral elf (Elf:3)
  A spectral catoblepas (Orc:2)
  11 Orb Guardian zombies (Zot:5)
  A spectral bunyip (Spider:4)
  3 azure jelly zombies
  A titan zombie (Zot:4)
  A spectral hydra (Spider:1)
  A dancing weapon (Elf:3)
  A quicksilver ooze zombie (Slime:4)
  A spectral orc (D:13)
  A hell knight (Vaults:5)
  A deep elf knight (Elf:3)
  An emperor scorpion zombie (Spider:3)
  A spectral broodmother (Spider:4)
  2 golden dragon zombies
  2 spark wasp zombies
  A ghost moth zombie (Spider:4)
  A swamp dragon (Swamp:2)
  A wizard (Vaults:4)
  2 shadow dragon zombies (Vaults:5)
  A goliath frog zombie (Swamp:1)
  An eleionoma zombie (Swamp:4)
  4 ugly thing zombies
  2 broodmother zombies (Spider:3)
  2 deep elf zephyrmancers (Elf:1)
  A frost giant zombie (Depths:4)
  3 stone giant zombies
  13 human zombies
  7 wolf spider zombies
  A jorogumo zombie (Spider:4)
  A spectral steelbarb worm (Elf:1)
  5 draconian zombies
  5 purple draconian zombies
  A catoblepas zombie (Lair:5)
  3 red draconian zombies
  6 white draconian zombies
  A steelbarb worm zombie (Spider:1)
  6 yellow draconian zombies
  4 green draconian zombies
  An orb spider zombie (Spider:3)
  4 yaktaur zombies
  3 black draconian zombies
  3 spectral glowing orange brains
  22 redback zombies
  5 hydra zombies
  A demonic crawler zombie (Spider:3)
  4 bloated husks
  A tarantella (Spider:1)
  12 moth of wrath zombies
  A radroach zombie (Spider:3)
  5 jumping spider zombies
  6 ettin zombies
  12 tarantella zombies
  An alligator zombie (Swamp:4)
  A fire dragon zombie (Depths:4)
  A boulder beetle zombie (Spider:3)
  8 culicivora zombies
  4 great orb of eyes zombies
  A merfolk zombie (Depths:4)
  A black mamba zombie (Lair:5)
  39 slime creature zombies
  A redback (Vaults:5)
  2 ogre zombies
  4 deep troll zombies
  A demonspawn zombie (Orc:2)
  A cane toad zombie (Lair:5)
  2 entropy weaver zombies
  7 two-headed ogre zombies
  A spectral hellwing (Orc:2)
  2 spectral efreet
  A hell hound (Spider:1)
  2 hornet zombies
  A manticore zombie (D:14)
  A lindwurm zombie (Vaults:2)
  2 spectral eyes of devastation
  2 spectral shining eyes
  40 elf zombies
  9 swamp dragon zombies
  4 elephant zombies
  A spectral golden eye (Slime:3)
  10 blink frog zombies
  A dream sheep zombie (Depths:1)
  3 komodo dragon zombies
  3 vampire mosquito zombies
  A cyclops zombie (D:14)
  4 water moccasin zombies
  2 hell hound zombies (Spider:1)
  3 wyvern zombies
  A troll zombie (Zot:4)
  10 yak zombies
  4 spriggan zombies
  4 tengu zombies
  4 wolf zombies
  10 centaur zombies
  A black bear zombie (D:7)
  A bullfrog zombie (D:9)
  3 killer bee zombies
  An acid dragon zombie (D:11)
  6 kobold zombies
  3 howler monkey zombies
  A steam dragon zombie (D:8)
  4 swamp drake zombies (Swamp:4)
  9 jelly zombies (Lair:5)
  A gnoll zombie (Bailey)
  A kobold (D:9)
  6 goblin zombies
  67 orc zombies
  A rat zombie (Sewer)
  12 foxfires
  42 fungi
  A pillar of salt (Desolation)
  128 plants
  22 starspawn tentacles
  A withered plant (Desolation)
735 creatures vanquished.

Grand Total: 3009 creatures vanquished

Notes
Turn   | Place    | Note
-------+----------+-------------------------------------------
     0 | D:1      | tensugalgo the Gnoll Warper began the quest for the Orb.
     0 | D:1      | Reached XP level 1. HP: 20/20 MP: 6/6
   164 | D:1      | Reached XP level 2. HP: 22/26 MP: 7/7
   785 | D:1      | Reached skill level 5 in Spellcasting
   785 | D:1      | Reached XP level 3. HP: 31/31 MP: 7/9
  1070 | D:2      | Reached skill level 1 in Invocations
  1176 | D:2      | Reached skill level 1 in Short Blades
  1176 | D:2      | Reached skill level 1 in Long Blades
  1176 | D:2      | Reached skill level 1 in Axes
  1176 | D:2      | Reached skill level 1 in Polearms
  1176 | D:2      | Reached skill level 1 in Staves
  1176 | D:2      | Reached skill level 1 in Ranged Weapons
  1176 | D:2      | Reached skill level 1 in Stealth
  1176 | D:2      | Reached skill level 1 in Shields
  1176 | D:2      | Reached skill level 1 in Unarmed Combat
  1176 | D:2      | Reached skill level 1 in Evocations
  1311 | D:2      | Noticed Terence
  1459 | D:2      | Reached XP level 4. HP: 38/38 MP: 11/11
  1890 | D:3      | Reached skill level 1 in Conjurations
  1890 | D:3      | Reached skill level 1 in Hexes
  1890 | D:3      | Reached skill level 1 in Summonings
  1890 | D:3      | Reached skill level 1 in Necromancy
  1890 | D:3      | Reached skill level 1 in Transmutations
  1890 | D:3      | Reached skill level 1 in Fire Magic
  1890 | D:3      | Reached skill level 1 in Ice Magic
  1890 | D:3      | Reached skill level 1 in Air Magic
  1890 | D:3      | Reached skill level 1 in Earth Magic
  1890 | D:3      | Reached skill level 1 in Poison Magic
  1963 | D:3      | Found a transporter.
  1964 | D:3      | Noticed WienerDreamer's ghost (amateur GrFi)
  2143 | D:3      | Found a transporter.
  2454 | D:4      | Noticed a water moccasin
  2523 | D:4      | Reached XP level 5. HP: 29/43 MP: 12/12
  2840 | D:4      | Found a hide-covered altar of Uskayaw.
  2877 | D:4      | Learned a level 2 spell: Blink
  3306 | D:2      | Killed Terence
  3307 | D:2      | Reached XP level 6. HP: 43/50 MP: 14/14
  3421 | D:5      | Entered Level 5 of the Dungeon
  3430 | D:5      | Reached skill level 5 in Fighting
  3430 | D:5      | Reached skill level 5 in Maces & Flails
  3430 | D:5      | Reached skill level 5 in Dodging
  3494 | D:5      | Noticed a black bear
  3554 | D:4      | Killed a water moccasin
  3761 | D:5      | Reached XP level 7. HP: 30/56 MP: 15/15
  4043 | D:5      | Found a blossoming altar of Fedhas.
  4532 | D:5      | Found a basalt altar of Yredelemnul.
  4566 | D:5      | Became a worshipper of Yredelemnul the Dark
  4598 | D:5      | Reached XP level 8. HP: 61/63 MP: 16/16
  4789 | D:5      | Found a glowing silver altar of Zin.
  4790 | D:5      | Found a radiant altar of Vehumet.
  4790 | D:5      | Found a hazy altar of Hepliaklqana.
  4985 | D:6      | Found a glowing drain.
  5002 | Sewer    | Entered a sewer
  5599 | D:6      | Found an ornate altar of the Wu Jian Council.
  5648 | D:6      | Noticed Eustachio
  5880 | D:6      | Found Nirphuula's Book Boutique.
  6071 | D:6      | Reached * piety under Yredelemnul
  6257 | D:6      | Killed Eustachio
  6467 | D:7      | Found a staircase to the Ecumenical Temple.
  6602 | D:7      | Noticed a hornet
  6615 | D:7      | Found a snail-covered altar of Cheibriados.
  6723 | D:7      | Reached XP level 9. HP: 55/69 MP: 18/18
  6826 | D:7      | Found a broken altar of Ashenzari.
  6940 | D:7      | Reached ** piety under Yredelemnul
  6946 | D:7      | Learned a level 3 spell: Mephitic Cloud
  7306 | D:7      | Reached skill level 5 in Throwing
  7306 | D:7      | Reached skill level 5 in Armour
  7367 | D:7      | Noticed Maggie
  8113 | D:8      | Found Otse's Jewellery Boutique.
  8141 | D:7      | Learned a level 3 spell: Stone Arrow
  8604 | D:8      | Reached skill level 5 in Invocations
  9183 | D:7      | Killed a hornet
  9271 | D:7      | Killed Maggie
  9272 | D:7      | Reached skill level 5 in Short Blades
  9272 | D:7      | Reached skill level 5 in Long Blades
  9272 | D:7      | Reached skill level 5 in Axes
  9272 | D:7      | Reached skill level 5 in Polearms
  9272 | D:7      | Reached skill level 5 in Staves
  9272 | D:7      | Reached skill level 5 in Ranged Weapons
  9272 | D:7      | Reached skill level 5 in Stealth
  9272 | D:7      | Reached skill level 5 in Shields
  9272 | D:7      | Reached skill level 5 in Unarmed Combat
  9272 | D:7      | Reached skill level 5 in Evocations
  9272 | D:7      | Reached XP level 10. HP: 70/77 MP: 0/20
  9406 | D:7      | Identified a scroll of acquirement
 10187 | D:9      | Found a white marble altar of Elyvilon.
 10417 | D:9      | Found a staircase to the Orcish Mines.
 10512 | D:9      | Reached *** piety under Yredelemnul
 10613 | D:9      | Identified the +0 chain mail of Appof {Harm *Slow Dex+3}
 10614 | D:9      | Found a runed translucent gate.
 10615 | D:9      | Found a runed translucent gate.
 10616 | D:9      | Found a runed translucent gate.
 10616 | D:9      | Noticed kuniqs's ghost (novice DgWr)
 10643 | D:9      | Noticed a boulder beetle
 10650 | D:9      | Noticed a kobold demonologist
 10672 | D:9      | Killed a boulder beetle
 11465 | D:9      | Killed a kobold demonologist
 11764 | D:10     | Entered Level 10 of the Dungeon
 11766 | D:10     | Noticed an obsidian statue
 11798 | D:10     | Noticed a two-headed ogre
 11817 | D:10     | Killed a two-headed ogre
 11818 | D:10     | Reached skill level 5 in Conjurations
 11818 | D:10     | Reached skill level 5 in Hexes
 11818 | D:10     | Reached skill level 5 in Summonings
 11818 | D:10     | Reached skill level 5 in Necromancy
 11818 | D:10     | Reached skill level 5 in Transmutations
 11818 | D:10     | Reached skill level 5 in Fire Magic
 11818 | D:10     | Reached skill level 5 in Ice Magic
 11818 | D:10     | Reached skill level 5 in Air Magic
 11818 | D:10     | Reached skill level 5 in Earth Magic
 11818 | D:10     | Reached skill level 5 in Poison Magic
 11818 | D:10     | Reached XP level 11. HP: 85/85 MP: 17/23
 11822 | D:10     | Noticed a two-headed ogre
 11841 | D:10     | Killed a two-headed ogre
 11957 | D:10     | Found a staircase to the Lair.
 11961 | D:10     | Noticed a two-headed ogre
 11972 | D:10     | Killed a two-headed ogre
 12026 | D:10     | Paralysed by a goblin for 5 turns
 12031 | D:10     | Found a flagged portal.
 12039 | Bailey   | Entered a bailey
 12395 | Bailey   | Noticed an orc warlord
 12558 | Bailey   | Learned a level 3 spell: Swiftness
 12561 | Bailey   | Learned a level 2 spell: Passwall
 12566 | Bailey   | Learned a level 4 spell: Petrify
 12744 | D:10     | Found a shimmering altar of Xom.
 12744 | D:10     | Found a burning altar of Makhleb.
 13106 | D:11     | Noticed a cyclops
 13116 | D:11     | Noticed a two-headed ogre
 13123 | D:11     | Killed a cyclops
 13133 | D:11     | Killed a two-headed ogre
 13283 | D:11     | Noticed a brown ugly thing
 13308 | D:11     | Killed a brown ugly thing
 13835 | D:11     | Acquired 682 gold pieces
 13838 | D:12     | Noticed Jorgrun
 13872 | D:12     | Reached XP level 12. HP: 94/94 MP: 21/24
 14128 | D:12     | Paralysed by a centaur for 4 turns
 15031 | D:12     | Killed Jorgrun
 15492 | D:13     | Noticed a centaur warrior
 15509 | D:13     | Killed a centaur warrior
 15581 | D:13     | Noticed a centaur warrior
 15590 | D:13     | Killed a centaur warrior
 15799 | D:13     | Noticed a centaur warrior
 15889 | Lair:1   | Entered Level 1 of the Lair of Beasts
 16248 | Lair:1   | Reached **** piety under Yredelemnul
 16261 | Lair:1   | Noticed a five-headed hydra
 16272 | Lair:1   | Killed a five-headed hydra
 16273 | Lair:1   | Reached ***** piety under Yredelemnul
 16273 | Lair:1   | Reached XP level 13. HP: 83/101 MP: 22/26
 17527 | Lair:2   | Noticed Sonja
 17537 | Lair:2   | Killed Sonja
 18201 | Lair:3   | Noticed Rupert
 18453 | Lair:3   | Found a staircase to the Swamp.
 18560 | Lair:3   | Found a hole to the Spider Nest.
 18577 | Lair:3   | Reached skill level 10 in Spellcasting
 19743 | Lair:4   | Reached skill level 10 in Fighting
 19743 | Lair:4   | Reached skill level 10 in Maces & Flails
 19743 | Lair:4   | Reached skill level 10 in Dodging
 19970 | Lair:4   | Learned a level 4 spell: Olgreb's Toxic Radiance
 20706 | Lair:4   | Reached skill level 10 in Invocations
 20706 | Lair:4   | Reached XP level 14. HP: 110/110 MP: 10/28
 21141 | Lair:4   | Got the Octavo of Chilled Jinxing
 21582 | Lair:5   | Entered Level 5 of the Lair of Beasts
 21667 | Lair:5   | Acquired 981 gold pieces
 21669 | Lair:5   | Acquired a +1 hand crossbow of flaming
 21765 | Lair:5   | Reached ****** piety under Yredelemnul
 21789 | Lair:5   | Found a staircase to the Slime Pits.
 22103 | Lair:5   | Reached skill level 10 in Throwing
 22103 | Lair:5   | Reached skill level 10 in Armour
 22564 | Lair:5   | Found an opulent altar of Gozag.
 22626 | Lair:5   | Reached skill level 10 in Translocations
 22635 | Lair:5   | Reached skill level 10 in Short Blades
 22635 | Lair:5   | Reached skill level 10 in Long Blades
 22635 | Lair:5   | Reached skill level 10 in Axes
 22635 | Lair:5   | Reached skill level 10 in Polearms
 22635 | Lair:5   | Reached skill level 10 in Staves
 22635 | Lair:5   | Reached skill level 10 in Ranged Weapons
 22635 | Lair:5   | Reached skill level 10 in Stealth
 22635 | Lair:5   | Reached skill level 10 in Shields
 22635 | Lair:5   | Reached skill level 10 in Unarmed Combat
 22635 | Lair:5   | Reached skill level 10 in Evocations
 23574 | Orc:1    | Entered Level 1 of the Orcish Mines
 23593 | Orc:1    | Reached XP level 15. HP: 92/118 MP: 24/30
 23691 | Orc:1    | Found Recib's Antique Armour Emporium.
 24080 | Orc:2    | Entered Level 2 of the Orcish Mines
 24174 | Orc:2    | Gained mutation: You occasionally shout uncontrollably at
                  | your foes. [a neqoxec]
 24217 | Orc:2    | Found Somp's Armour Shop.
 24232 | Orc:2    | Noticed Snorg
 24241 | Orc:2    | Killed Snorg
 24278 | Orc:2    | Found a staircase to the Elven Halls.
 24667 | Orc:2    | Found Esoitz's Magic Scroll Shoppe.
 24717 | Orc:2    | Found Fauch's General Store.
 24736 | Orc:2    | Bought a scroll of acquirement for 728 gold pieces
 24736 | Orc:2    | Acquired 746 gold pieces
 25006 | Orc:2    | Lost mutation: You occasionally shout uncontrollably at
                  | your foes. [potion of mutation]
 25006 | Orc:2    | Gained mutation: You are covered in fur. (AC +1) [potion of
                  | mutation]
 25006 | Orc:2    | Gained mutation: You expend magic power (3 MP) to
                  | strengthen your wands. [potion of mutation]
 25186 | Orc:2    | Found Ceashrurphibb's Jewellery Shop.
 25186 | Orc:2    | Found a one-way gate leading to the halls of Pandemonium.
 25186 | Orc:2    | Found Ycubuint's Antique Armour Boutique.
 25194 | Orc:2    | Bought a glowing helmet for 255 gold pieces
 26488 | D:13     | Found a gate to the Vaults.
 27768 | D:14     | Found a blossoming altar of Fedhas.
 28211 | D:14     | Learned a level 1 spell: Apportation
 28576 | D:14     | Noticed Agnes
 28582 | D:14     | Reached XP level 16. HP: 127/127 MP: 17/32
 28593 | D:14     | Killed Agnes
 29075 | D:15     | Entered Level 15 of the Dungeon
 29093 | D:15     | Found a gate leading to a gauntlet.
 29101 | Gauntlet | Entered a Gauntlet
 29101 | Gauntlet | Found a transporter.
 29108 | Gauntlet | Found a transporter.
 29120 | Gauntlet | Found a transporter.
 29124 | Gauntlet | Found a transporter.
 29142 | Gauntlet | Found a transporter.
 29144 | Gauntlet | Found a transporter.
 29152 | Gauntlet | Found a transporter.
 29160 | Gauntlet | Found the amulet of the Four Winds {rN+ Will+++ Clar}
 29172 | Gauntlet | Found a transporter.
 29184 | Gauntlet | Found a transporter.
 29188 | Gauntlet | Found a transporter.
 29196 | Gauntlet | Found a transporter.
 29200 | Gauntlet | Found a transporter.
 29329 | Gauntlet | Identified the +1 long sword "Idimn" {flame, Str+7}
 29391 | Gauntlet | Got the Atlas of the Curse
 29807 | D:15     | Found a transporter.
 30545 | Spider:1 | Entered Level 1 of the Spider Nest
 31516 | Spider:1 | Noticed Azrael
 31535 | Spider:1 | Killed Azrael
 31535 | Spider:1 | Enslaved Azrael
 33657 | Spider:3 | Reached XP level 17. HP: 135/135 MP: 19/33
 34123 | Spider:3 | Reached skill level 10 in Conjurations
 34123 | Spider:3 | Reached skill level 10 in Hexes
 34123 | Spider:3 | Reached skill level 10 in Summonings
 34123 | Spider:3 | Reached skill level 10 in Necromancy
 34123 | Spider:3 | Reached skill level 10 in Transmutations
 34123 | Spider:3 | Reached skill level 10 in Fire Magic
 34123 | Spider:3 | Reached skill level 10 in Ice Magic
 34123 | Spider:3 | Reached skill level 10 in Air Magic
 34123 | Spider:3 | Reached skill level 10 in Earth Magic
 34123 | Spider:3 | Reached skill level 10 in Poison Magic
 34255 | Spider:3 | Your ally Azrael died
 36546 | Swamp:1  | Entered Level 1 of the Swamp
 36780 | Swamp:1  | Noticed Frances
 37439 | Lair:3   | Learned a level 5 spell: Borgnjor's Vile Clutch
 38343 | Swamp:1  | Noticed Louise
 38350 | Swamp:1  | Killed Louise
 38366 | Swamp:1  | Killed Frances
 39967 | Swamp:2  | Got the Vademecum on Amalgamated Topography
 41088 | Swamp:2  | Reached XP level 18. HP: 96/140 MP: 21/35
 41563 | Swamp:2  | Noticed Mlioglotl
 41573 | Swamp:2  | Killed Mlioglotl
 41573 | Swamp:2  | Enslaved Mlioglotl
 41902 | Swamp:3  | Acquired the +2 buckler of the Stone Wall {rC+++}
 41992 | Swamp:3  | Found a transporter.
 41992 | Swamp:3  | Noticed Beesi's ghost (journeyman FeSu)
 42000 | Swamp:3  | Found a transporter.
 42345 | Swamp:3  | Identified the +10 spear "Ipog" {flame, Drain rC+ rCorr
                  | Int+6}
 42521 | Swamp:4  | Entered Level 4 of the Swamp
 42676 | Swamp:4  | Noticed the 27-headed Lernaean hydra
 42680 | Swamp:4  | Killed the 27-headed Lernaean hydra
 42686 | Swamp:4  | Your ally Mlioglotl died
 43264 | Swamp:4  | Got a decaying rune of Zot
 43774 | Swamp:4  | Noticed a tentacled monstrosity
 43782 | Swamp:4  | Killed a tentacled monstrosity
 44068 | Lair:3   | Killed Rupert
 44563 | Spider:4 | Entered Level 4 of the Spider Nest
 45786 | Spider:4 | Reached XP level 19. HP: 143/151 MP: 27/37
 46981 | Spider:4 | Got a gossamer rune of Zot
 47452 | Elf:1    | Entered Level 1 of the Elven Halls
 48711 | Elf:1    | Got the Collected Works on Leadership
 49045 | Elf:1    | Noticed Onkax's ghost (adept SpHu)
 49048 | Elf:1    | Found a transporter.
 49179 | Elf:1    | Found a transporter.
 49447 | Elf:2    | Noticed a Hell Sentinel
 49911 | Elf:2    | Identified Roxanne's Grimoire of the Geologist
 49911 | Elf:2    | Noticed Roxanne
 50570 | Elf:2    | Reached skill level 15 in Invocations
 50663 | Elf:2    | Found Wawil's Jewellery Shop.
 50663 | Elf:2    | Found Huarhi's Book Shoppe.
 50664 | Elf:2    | Found Zaukh's Jewellery Shop.
 50678 | Elf:2    | Bought a Trismegistus Codex for 448 gold pieces
 50684 | Elf:2    | Learned a level 5 spell: Freezing Cloud
 50976 | D:6      | Bought a book of Blasting for 600 gold pieces
 50982 | D:6      | Learned a level 5 spell: Lee's Rapid Deconstruction
 51143 | Elf:2    | Killed Roxanne
 51302 | Elf:2    | Found a huge runed translucent gate.
 51302 | Elf:2    | Found a huge runed translucent gate.
 51302 | Elf:2    | Found a huge runed translucent gate.
 51303 | Elf:2    | Found a huge runed translucent gate.
 51304 | Elf:2    | Found a huge runed translucent gate.
 51359 | Elf:3    | Entered Level 3 of the Elven Halls
 51969 | Elf:3    | Reached XP level 20. HP: 123/160 MP: 26/38
 52956 | Elf:3    | Noticed a Brimstone Fiend
 54017 | Elf:3    | Identified the +3 hand axe of Moderation {flame, Dex+5}
 54549 | Elf:3    | Reached skill level 15 in Spellcasting
 55252 | Elf:3    | Identified the ring "Paaghar" {MP+9 Slay+3}
 55562 | Elf:3    | Reached skill level 15 in Fighting
 55562 | Elf:3    | Reached skill level 15 in Maces & Flails
 55562 | Elf:3    | Reached skill level 15 in Dodging
 55769 | Elf:3    | Identified the ring of Goatene {Fly AC+4 Str-4 Int+3}
 55852 | Elf:3    | Identified the +10 quarterstaff "Issosas" {drain, rPois
                  | rN+}
 56152 | Elf:3    | Got the Octavo of the Impact
 56221 | Elf:3    | Identified the +0 scale mail "Ithikali" {rCorr Dex+6}
 56375 | Elf:3    | Learned a level 6 spell: Iron Shot
 56576 | Vaults:1 | Entered Level 1 of the Vaults
 56634 | Vaults:1 | Found Nopukloq's General Store.
 56639 | Vaults:1 | Found Vosch's Armour Shop.
 56812 | Vaults:1 | Bought the +5 buckler of the Poles {rPois Str+3} for 752
                  | gold pieces
 56812 | Vaults:1 | Bought a potion of mutation for 128 gold pieces
 56823 | Vaults:1 | Identified the +1 trident "Dedo" {pain, rElec Int+3 Dex+5}
 57953 | Vaults:1 | Reached XP level 21. HP: 127/168 MP: 31/40
 58373 | Vaults:2 | Found a crumbling gateway.
 58390 | Desolati | Entered the Desolation of Salt
 58434 | Desolati | Identified the +4 quarterstaff "Aczije" {drain, Str+4}
 58856 | Vaults:2 | Reached skill level 15 in Throwing
 58856 | Vaults:2 | Reached skill level 15 in Armour
 59204 | Vaults:2 | Noticed a bone dragon
 59207 | Vaults:2 | Found a staircase to the Crypt.
 59213 | Vaults:2 | Killed a bone dragon
 59571 | Vaults:2 | Found a transporter.
 60253 | Vaults:2 | Found Fiuveaph's Book Shop.
 60340 | Vaults:2 | Reached skill level 15 in Short Blades
 60340 | Vaults:2 | Reached skill level 15 in Long Blades
 60340 | Vaults:2 | Reached skill level 15 in Axes
 60340 | Vaults:2 | Reached skill level 15 in Polearms
 60340 | Vaults:2 | Reached skill level 15 in Staves
 60340 | Vaults:2 | Reached skill level 15 in Ranged Weapons
 60340 | Vaults:2 | Reached skill level 15 in Stealth
 60340 | Vaults:2 | Reached skill level 15 in Shields
 60340 | Vaults:2 | Reached skill level 15 in Unarmed Combat
 60340 | Vaults:2 | Reached skill level 15 in Evocations
 60631 | Vaults:3 | You are sucked into a shaft and drop 1 floor!
 61870 | Vaults:4 | Reached XP level 22. HP: 177/177 MP: 38/42
 62966 | Vaults:3 | Found a large runed translucent door.
 62966 | Vaults:3 | Found a large runed translucent door.
 62966 | Vaults:3 | Noticed confidenceinterval's ghost (adept SpHu)
 63289 | Vaults:3 | Identified the +2 robe of Tastril {Rampage rN+}
 64280 | D:15     | Found a staircase to the Depths.
 64313 | Depths:1 | Entered Level 1 of the Depths
 64567 | Depths:1 | Paralysed by a floating eye for 3 turns
 65121 | D:15     | Paralysed by a floating eye for 2 turns
 65695 | Depths:1 | Found Edwuej's Antique Weapon Emporium.
 66178 | Depths:1 | Noticed Sojobo
 66188 | Depths:1 | Killed Sojobo
 66188 | Depths:1 | Enslaved Sojobo
 66454 | Depths:1 | Identified the +12 chain mail "Yciyrox" {MP+9 Str+3 Int+2
                  | Dex+4}
 66471 | Depths:1 | Found a one-way gate to the infinite horrors of the Abyss.
 66499 | Depths:1 | Found Big Baal Hell's Store.
 66612 | Depths:1 | Found a gateway to Hell.
 66838 | Depths:1 | You are sucked into a shaft and drop 1 floor!
 67002 | Depths:2 | Identified the +4 trident "Pyprirr" {freeze, Str+3}
 67271 | Depths:2 | Noticed Mara
 67280 | Depths:2 | Killed Mara
 67385 | Depths:2 | Found a sparkling altar of Nemelex Xobeh.
 68104 | Depths:3 | Noticed a caustic shrike
 68108 | Depths:3 | Noticed a caustic shrike
 68110 | Depths:3 | Killed a caustic shrike
 68110 | Depths:3 | Noticed a caustic shrike
 68111 | Depths:3 | Reached XP level 23. HP: 160/185 MP: 24/43
 68115 | Depths:3 | Killed a caustic shrike
 68115 | Depths:3 | Killed a caustic shrike
 69072 | Depths:3 | Identified the +5 spear of Wozadues {vamp, rElec rF+ rC+
                  | rN+}
 69663 | Depths:4 | Entered Level 4 of the Depths
 69674 | Depths:4 | Noticed a golden dragon
 69684 | Depths:4 | Killed a golden dragon
 69692 | Depths:4 | Noticed a juggernaut
 69695 | Depths:4 | Noticed a golden dragon
 69697 | Depths:4 | Killed a juggernaut
 69704 | Depths:4 | Killed a golden dragon
 70323 | Depths:4 | Noticed a golden dragon
 70364 | Depths:4 | Killed a golden dragon
 70383 | Depths:4 | Found a gate to the Realm of Zot.
 70622 | Depths:4 | Found a one-way gateway to a ziggurat.
 70622 | Depths:4 | Noticed a dread lich
 70622 | Depths:4 | Noticed a dread lich
 71302 | Slime:1  | Entered Level 1 of the Pits of Slime
 71951 | Slime:2  | Reached skill level 15 in Translocations
 73000 | Slime:4  | Gained mutation: You occasionally lose the ability to read
                  | scrolls when taking damage. [a shining eye]
 73036 | Slime:4  | Reached XP level 24. HP: 195/195 MP: 44/44
 73934 | Slime:5  | Entered Level 5 of the Pits of Slime
 74146 | Slime:5  | Noticed the Royal Jelly
 74151 | Slime:5  | the Royal Jelly changed into an iron dragon shaped Royal
                  | Jelly
 74151 | Slime:5  | Noticed an iron dragon shaped Royal Jelly
 74383 | Slime:5  | Killed an iron dragon shaped Royal Jelly
 74621 | Slime:5  | Got a slimy rune of Zot
 74762 | Slime:5  | Identified the ring "Xoenwiog" {Wiz Dex+2 Slay+2 SInv}
 74765 | Slime:5  | Identified the ring of Nadake {Int+4 SInv}
 74778 | Slime:5  | Identified the +6 mace of Embarrassment {elec, *Corrode
                  | Str+4}
 74779 | Slime:5  | Identified the ring "Kemofaicw" {Fly rPois rC+ Will- Str+6}
 74808 | Slime:5  | Identified the +0 pair of gloves of Lucidity {Harm rC+}
 74856 | Slime:5  | Lost mutation: You expend magic power (3 MP) to strengthen
                  | your wands. [potion of mutation]
 74856 | Slime:5  | Lost mutation: You are covered in fur. (AC +1) [potion of
                  | mutation]
 74856 | Slime:5  | Lost mutation: You occasionally lose the ability to read
                  | scrolls when taking damage. [potion of mutation]
 74856 | Slime:5  | Gained mutation: Your spells are a little easier to cast,
                  | but a little less powerful. [potion of mutation]
 74856 | Slime:5  | Gained mutation: You expend magic power (3 MP) to
                  | strengthen your wands. [potion of mutation]
 76464 | Vaults:5 | Entered Level 5 of the Vaults
 77721 | Vaults:5 | Identified the ring of Ejonar {rPois rC+ Will+ Dex+2}
 77819 | Vaults:5 | Identified the ring "Onwoitwi" {EV+5 SInv}
 78202 | Vaults:5 | Noticed a dread lich
 78207 | Vaults:5 | Killed a dread lich
 78220 | Vaults:5 | Your ally Sojobo died
 78467 | Vaults:5 | Noticed an ancient lich
 78467 | Vaults:5 | Identified the +6 halberd of the Seven Bounties {heavy,
                  | MP+9 Int+4}
 78528 | Vaults:5 | Reached XP level 25. HP: 110/203 MP: 36/44
 78900 | Vaults:5 | Identified the +4 plate armour of Xasagg {rN+ Will+ Int+3}
 78975 | Vaults:5 | Killed an ancient lich
 79544 | Vaults:5 | Identified the ring "Etimifeu" {rCorr MP+9 Str+2 Dex+2
                  | SInv}
 79572 | Vaults:5 | Identified the +5 whip of Grace {holy, Str+8 Dex-2 SInv
                  | Stlth-}
 79741 | Vaults:5 | Noticed a dread lich
 79750 | Vaults:5 | Killed a dread lich
 79875 | Vaults:5 | Identified the +7 glaive of Defio {distort, rPois Str+2
                  | SInv}
 79882 | Vaults:5 | Noticed a dread lich
 80095 | Vaults:4 | Killed a dread lich
 80096 | Vaults:4 | Reached skill level 15 in Ice Magic
 80909 | Vaults:5 | Got a silver rune of Zot
 80912 | Vaults:5 | Identified the +4 long sword of Past Mistakes {holy, Fly
                  | rElec Int+2 Dex-4}
 81182 | Vaults:5 | Got Kesyof's Writings on Terrain and Corruption
 81612 | Zot:1    | Entered Level 1 of the Realm of Zot
 81629 | Zot:1    | Learned a level 8 spell: Maxwell's Capacitive Coupling
 81752 | Zot:1    | Reached skill level 15 in Conjurations
 81752 | Zot:1    | Reached skill level 15 in Hexes
 81752 | Zot:1    | Reached skill level 15 in Summonings
 81752 | Zot:1    | Reached skill level 15 in Necromancy
 81752 | Zot:1    | Reached skill level 15 in Transmutations
 81752 | Zot:1    | Reached skill level 15 in Fire Magic
 81752 | Zot:1    | Reached skill level 15 in Air Magic
 81752 | Zot:1    | Reached skill level 15 in Earth Magic
 81752 | Zot:1    | Reached skill level 15 in Poison Magic
 82088 | Zot:1    | Noticed an orb of fire
 82105 | Zot:1    | Killed an orb of fire
 83966 | Zot:1    | Learned a level 8 spell: Ignition
 83973 | Zot:2    | Noticed a Killer Klown
 83981 | Zot:2    | Killed a Killer Klown
 85447 | Zot:3    | Reached XP level 26. HP: 207/213 MP: 19/45
 87823 | Zot:4    | Noticed a shard shrike
 88273 | Zot:4    | Killed a shard shrike
 88273 | Zot:4    | Enslaved a shard shrike
 89319 | Zot:4    | Identified the ring "Juetud" {+Blink Fly rElec rCorr}
 89582 | Zot:4    | Got Pesapt's Annotations on Evil
 89652 | Zot:4    | Identified the +5 longbow of the Eight Leylines {flame,
                  | Int+3 Dex+2 SInv}
 89736 | Zot:5    | Entered Level 5 of the Realm of Zot
 89896 | Zot:5    | Acquired 1244 gold pieces
 89948 | Zot:5    | Noticed a dread lich
 89953 | Zot:5    | Noticed a Killer Klown
 89954 | Zot:5    | Noticed a Killer Klown
 89954 | Zot:5    | Noticed an orb of fire
 89954 | Zot:5    | Noticed an orb of fire
 89958 | Zot:5    | Noticed an orb of fire
 89963 | Zot:5    | Killed an orb of fire
 89964 | Zot:5    | Reached XP level 27. HP: 93/221 MP: 36/46
 90869 | Zot:5    | Killed an orb of fire
 91067 | Zot:5    | Noticed a dread lich
 91074 | Zot:5    | Killed a dread lich
 91078 | Zot:5    | Noticed an orb of fire
 91100 | Zot:5    | Killed an orb of fire
 91308 | Zot:5    | Killed a dread lich
 91392 | Zot:5    | Killed an orb of fire
 91399 | Zot:5    | Noticed an orb of fire
 91405 | Zot:5    | Killed an orb of fire
 91705 | Zot:5    | Noticed an orb of fire
 91713 | Zot:5    | Killed an orb of fire
 92250 | Zot:5    | Noticed an orb of fire
 92258 | Zot:5    | Killed an orb of fire
 92507 | Zot:5    | Got the Orb of Zot
 92681 | Depths:4 | Noticed Anefeell the pandemonium lord
 93113 | D:$      | Escaped with the Orb!

Illustrated notes

Levels and vault maps discovered:
D:1:      evilmike_arrival_plus, layout_basic
D:2:      layout_rooms, serial_bayou, serial_bayou_ford_a, serial_bayou_lake_a,
          serial_bayou_crossing, serial_bayou_shore_b, grunt_ministairs_9,
          minivault_4, uniq_terence
D:3:      layout_basic, gammafunk_ghost_arena
D:4:      layout_loops_ring, nicolae_overflow_crystal_walls
D:5:      layout_cave_pods, chequers_temple_overflow_statue_of_worship,
          mainiacjoe_overflow_large_starburst, hellmonk_bongcloud_opening,
          grunt_decor_fettered
D:6:      layout_rooms, old_standard_altar, portal_sewer_entry_d, serial_shops,
          nicolae_shop_trees, minmay_misc_feat_more_columns, uniq_eustachio
D:7:      layout_loops_corners, lemuel_crystal_altar, kennysheep_mini_moat,
          minmay_temple_entry_slanted, uniq_maggie
D:8:      layout_loops_corners, serial_glass, glass_columns_b, glass_columns_b,
          glass_columns_c, glass_columns_a, glass_columns_b, glass_columns_b,
          glass_columns_a, glass_columns_b, glass_columns_c, glass_columns_c,
          glass_columns_a, glass_columns_b, glass_columns_a, glass_columns_c,
          special_room [special_room_orc], serial_shops,
          nicolae_shop_hallway_stairs
D:9:      layout_stronghold, elyvilon_altar_3, hiddenorc1_lemuel,
          biasface_ghost_orc_armoury
D:10:     layout_cross, grunt_temple_overflow_champion_of_chaos,
          minmay_lair_entry_grove, enter_bailey_3, minmay_protected_statue
D:11:     layout_cave_pools
D:12:     layout_gridville, st_stairs_13, minivault_23, serial_bayou_pond_d,
          uniq_jorgrun
D:13:     layout_grid_maze, skrybe_vaults_entry_preservation
D:14:     layout_stronghold, fedhas_altar_2, uniq_agnes
D:15:     gammafunk_enter_depths_forms, layout_irregular_city, serial_glass,
          glass_columns_b, glass_columns_b, glass_columns_a, glass_columns_a,
          glass_columns_b, glass_columns_a, due_unseen_surprise,
          minmay_strange_pillars, item_on_display_a, item_on_display_a,
          gauntlet_entry_generic, nicolae_diode_basic
Lair:1:   beast_lair_carwin_large_2, layout_cave_pods, grunt_megastairs_5
Lair:2:   dreamdust_cave_troll, layout_small_grid,
          eino_small_chamber_without_monster, serial_bayou_shore_a, uniq_sonja
Lair:3:   layout_misc_corridors, swamp_mist, spider_nest_entry_a, uniq_rupert
Lair:4:   layout_gridlike, pdpol_lair_cavern_descent, lemuel_fruit_fields
Lair:5:   evilmike_catoblepas_cave, layout_long_grid,
          minmay_slime_entry_jelly_boxes, basic_altar
Swamp:1:  layout_basic_swamp, serial_swamp_ruin, evilmike_swamp_ruin_rubble_2,
          evilmike_swamp_ruin_house_5, evilmike_swamp_ruin_wall, uniq_frances,
          uniq_louise
Swamp:2:  nicolae_swamp_flooded_prison, layout_basic_swamp,
          evilmike_swamp_ruin_house_2, hangedman_swamp_diagram, swamp_pool1,
          uniq_mlioglotl
Swamp:3:  layout_basic_swamp, gammafunk_ghost_arena,
          evilmike_swamp_ruin_house_4, swamp_pool1
Swamp:4:  swamp_old_school, layout_basic_swamp
Spider:1: layout_cave_pods, uniq_azrael
Spider:2: layout_spider_delve
Spider:3: nicolae_spider_hall_of_the_moth_king
Spider:4: grunt_spider_rune_parallel
Slime:1:  layout_caves
Slime:2:  layout_caves, nicolae_slime_phagocytosis
Slime:3:  layout_caves
Slime:4:  layout_caves, cheibrodos_slime_lost_civilization_6
Slime:5
Orc:1:    layout_caves, serial_shops, nicolae_shop_competitors_out_of_business
Orc:2:    pf_orc_diabolical, layout_caves, serial_shops, nicolae_shop_stone,
          nooodl_orcs_dogs, uniq_snorg
Elf:1:    eino_elf_arrival_the_gate, layout_loops_cross, gammafunk_ghost_arena,
          minmay_elf_demonology
Elf:2:    elven_hall_of_blades_hangedman_alternative
          [nicolae_blade_entry_sentries_behind_glass], layout_geoelf_octagon,
          minmay_shop_grove, uniq_aizul, uniq_roxanne, uniq_zenata
Elf:3:    nooodl_elf_gasket, layout_gridlike
Vaults:1: vaults_dpeg_hooks, hangedman_vaults_river_flow, hangedman_vaults_trim,
          ontoclasm_vaults_loading_screen, nicolae_vaults_diagonal_hallway_6,
          hangedman_vaults_slice, v_misc_30, hangedman_vaults_locks, v_misc_14,
          layout_vaults_big_room, serial_shops, nicolae_shop_stone, shop_coins
Vaults:2: portal_desolation_entry_twin_temple, emtedronai_trogs_sanctum,
          minmay_crypt_entry_nasty_monster, nicolae_vaults_little_squares_6,
          v_rooms_2, nicolae_vaults_ninety_degrees,
          nicolae_vaults_border_crossing, v_misc_33, v_misc_10,
          vaults_room_stairs_pillars, v_misc_13, v_misc_26,
          layout_vaults_maze_bifur, serial_shops, nicolae_shop_hallway_stairs
Vaults:3: advil_vaults_ghost_guards, grunt_vaults_hallway_long,
          nicolae_vaults_theta, ontoclasm_vaults_pinch, vaults_dpeg_doors,
          v_misc_24, ontoclasm_vaults_ring_small, ontoclasm_vaults_gateway,
          vaults_dpeg_ring, nicolae_vaults_rhombus_5, layout_vaults_quadrants
Vaults:4: v_rooms_4, v_alt_pattern_2, grunt_vaults_focal,
          nicolae_vaults_puzzle_piece, hangedman_vaults_cutoff,
          vaults_standard_mumra_enter_the_diamond, ontoclasm_vaults_misaligned,
          vaults_room_guarded_vault, nicolae_vaults_diagonal_hallway_7,
          layout_vaults_omnicross
Vaults:5
Depths:1: layout_gridville, nicolae_hell_entry_big_baal_hell,
          nicolae_two_hexagons, serial_shops, shop,
          abyss_entry_small_statue_room, serial_sigils,
          serial_sigils_hangedman_confine, serial_sigils_hangedman_gut,
          serial_sigils_hangedman_shear, serial_sigils_hangedman_clutch,
          serial_sigils_hangedman_scratch, evilmike_ambush
          [evilmike_ambush_outer_basic, evilmike_ambush_inner_wall_2],
          uniq_sojobo
Depths:2: dreamdust_cat_pyramid, layout_gridville, hell_entry, pan_entry,
          nemelex_lonely_heart_becter, uniq_mara
Depths:3: minmay_coctagon, layout_gridlike, minmay_misc_feat_four_crosses,
          abyss_entry_crystal, hangedman_tar_grid_catacomb, minivault_14,
          serial_bayou_shore_b, infiniplex_staircase_pool_2
Depths:4: grunt_zot_entry_bicorn, layout_cave_pools, enter_ziggurat_d,
          minmay_room_of_horrors, hex_medium, hell_entry, grunt_decor_junction
Zot:1:    kennysheep_blocky_hall, layout_basic
Zot:2:    layout_twisted_circle, grunt_ministairs_4
Zot:3:    kennysheep_spiral_hall, layout_gridlike
Zot:4:    lemuel_halls_of_wrath, layout_cellular_growth,
          st_single_dragon_hoard_4, hangedman_zot_spectrum
Zot:5:    layout_gridlike, hangedman_zot_diagonal_lockstep, grunt_ministairs_11,
          st_stairs_8

Skill      XL: |  1  2  3  4  5  6  7  8  9 10 11 12 13 14 15 16 17 18 19 20 21 22 23 24 25 26 27 |
---------------+----------------------------------------------------------------------------------+-----
Spellcasting   | 5 6 7 8 9 10 11 12 13 14 15 16 17 18 19 | 19.7
Invocations    | 1 2 3 4 5 6 7 8 10 11 12 13 14 15 16 17 18 19 20 | 20.7
Short Blades   | 1 2 3 5 6 7 8 9 10 11 12 13 14 15 16 17 18 19 | 19.2
Long Blades    | 1 2 3 5 6 7 8 9 10 11 12 13 14 15 16 17 18 19 | 19.2
Axes           | 1 2 3 5 6 7 8 9 10 11 12 13 14 15 16 17 18 19 | 19.2
Polearms       | 1 2 3 5 6 7 8 9 10 11 12 13 14 15 16 17 18 19 | 19.2
Staves         | 1 2 3 5 6 7 8 9 10 11 12 13 14 15 16 17 18 19 | 19.2
Ranged Weapons | 1 2 3 5 6 7 8 9 10 11 12 13 14 15 16 17 18 19 | 19.2
Stealth        | 1 2 3 5 6 7 8 9 10 11 12 13 14 15 16 17 18 19 | 19.2
Shields        | 1 2 3 5 6 7 8 9 10 11 12 13 14 15 16 17 18 19 | 19.2
Unarmed Combat | 1 2 3 5 6 7 8 9 10 11 12 13 14 15 16 17 18 19 | 19.2
Evocations     | 1 2 3 5 6 7 8 9 10 11 12 13 14 15 16 17 18 19 20 | 20.6
Conjurations   | 1 2 3 4 5 6 7 8 9 10 11 12 13 14 15 16 | 16.3
Hexes          | 1 2 3 4 5 6 7 8 9 10 11 12 13 14 15 16 | 16.3
Summonings     | 1 2 3 4 5 6 7 8 9 10 11 12 13 14 15 16 | 16.3
Necromancy     | 1 2 3 4 5 6 7 8 9 10 11 12 13 14 15 16 | 16.3
Transmutations | 1 2 3 4 5 6 7 8 9 10 11 12 13 14 15 16 | 16.3
Fire Magic     | 1 2 3 4 5 6 7 8 9 10 11 12 13 14 15 16 | 16.3
Ice Magic      | 1 2 3 4 5 6 7 8 9 10 11 12 13 14 15 16 17 | 17.7
Air Magic      | 1 2 3 4 5 6 7 8 9 10 11 12 13 14 15 16 | 16.3
Earth Magic    | 1 2 3 4 5 6 7 8 9 10 11 12 13 14 15 16 | 16.3
Poison Magic   | 1 2 3 4 5 6 7 8 9 10 11 12 13 14 15 16 | 16.3
Throwing       | 3 4 5 6 7 8 9 10 11 12 13 14 15 16 17 18 19 | 19.3
Armour         | 3 4 5 6 7 8 9 10 11 12 13 14 15 16 17 18 19 | 19.3
Fighting       | 5 6 7 8 9 10 11 12 13 14 15 16 17 18 19 | 19.6
Maces & Flails | 5 6 7 8 9 10 11 12 13 14 15 16 17 18 19 | 19.6
Dodging        | 5 6 7 8 9 10 11 12 13 14 15 16 17 18 19 | 19.6
Translocations | 6 7 8 9 10 11 12 13 14 15 16 17 | 17.1

Action                   |  1- 3 |  4- 6 |  7- 9 | 10-12 | 13-15 | 16-18 | 19-21 | 22-24 | 25-27 || total
-------------------------+-------+-------+-------+-------+-------+-------+-------+-------+-------++-------
Melee: Mace              |   145 |   191 |   555 |    40 |       |       |       |       |       ||   931
       Bite              |    12 |    14 |    70 |    79 |   126 |   225 |   168 |   153 |   195 ||  1042
       Punch             |     3 |       |    22 |     1 |       |     1 |       |       |       ||    27
       Dire flail        |       |       |       |   481 |   799 |    62 |       |       |       ||  1342
       Long sword        |       |       |       |       |       |  1090 |   368 |       |       ||  1458
       Staff             |       |       |       |       |       |       |   507 |   787 |   821 ||  2115
 Fire: Hand crossbow     |       |       |       |       |     4 |       |       |       |       ||     4
Throw: Boomerang         |       |     6 |       |       |     1 |       |       |       |       ||     7
       Javelin           |       |       |       |       |       |     5 |       |       |       ||     5
 Cast: Stone Arrow       |       |       |     9 |    32 |    10 |   147 |   214 |    72 |    27 ||   511
       Mephitic Cloud    |       |       |     3 |    51 |    68 |    26 |     2 |       |       ||   150
       Blink             |       |       |       |     2 |     2 |     8 |    13 |     4 |     5 ||    34
       Petrify           |       |       |       |     5 |    21 |    32 |       |       |       ||    58
       Passwall          |       |       |       |     1 |       |     4 |     1 |       |     1 ||     7
       Olgreb's Toxic Ra |       |       |       |       |    54 |    30 |    37 |    17 |    11 ||   149
       Borgnjor's Vile C |       |       |       |       |       |    75 |   128 |    71 |   135 ||   409
       Swiftness         |       |       |       |       |       |     4 |     3 |       |       ||     7
       Lee's Rapid Decon |       |       |       |       |       |       |    22 |    50 |    27 ||    99
       Freezing Cloud    |       |       |       |       |       |       |    25 |    12 |     1 ||    38
       Iron Shot         |       |       |       |       |       |       |     5 |    34 |   115 ||   154
       Apportation       |       |       |       |       |       |       |       |     3 |       ||     3
       Maxwell's Capacit |       |       |       |       |       |       |       |       |    19 ||    19
       Ignition          |       |       |       |       |       |       |       |       |    13 ||    13
Invok: Dark Bargain      |       |       |       |     1 |       |     1 |     1 |       |       ||     3
       Recall Undead Har |       |       |       |       |     4 |     5 |     6 |     8 |     2 ||    25
       Bind Soul         |       |       |       |       |     3 |     6 |     4 |     2 |     6 ||    21
Evoke: Piece from Xom's  |       |       |     4 |       |       |       |       |     1 |       ||     5
       Wand              |       |       |       |       |     2 |     7 |     1 |     3 |     3 ||    16
       Lightning rod     |       |       |       |       |     3 |     1 |     3 |       |       ||     7
       Tin of tremorston |       |       |       |       |     1 |     1 |     3 |       |       ||     5
       Box of beasts     |       |       |       |       |       |     3 |     1 |       |     1 ||     5
       Phial of floods   |       |       |       |       |       |     2 |     4 |     1 |     1 ||     8
       Phantom mirror    |       |       |       |       |       |       |     1 |     1 |     2 ||     4
       Condenser vane    |       |       |       |       |       |       |     1 |     1 |       ||     2
  Use: Scroll            |       |       |     6 |     4 |     9 |    16 |    11 |     6 |    16 ||    68
       Potion            |       |       |       |       |     6 |     2 |     6 |     1 |    21 ||    36
 Stab: Sleeping          |     2 |    13 |     6 |     9 |     6 |    11 |    13 |     7 |     7 ||    74
       Distracted        |     1 |       |     3 |     2 |     9 |    32 |    20 |    17 |    27 ||   111
       Confused          |       |       |     4 |    18 |    23 |    12 |       |     2 |       ||    59
       Petrified         |       |       |       |    14 |    55 |    54 |       |       |       ||   123
       Petrifying        |       |       |       |     2 |     2 |     4 |       |       |       ||     8
       Invisible         |       |       |       |       |       |     4 |       |       |       ||     4
       Paralysed         |       |       |       |       |       |       |       |    41 |       ||    41
Armor: Leather armour    |    54 |    62 |   133 |       |       |       |       |       |       ||   249
       Swamp dragon scal |       |       |       |   132 |   222 |   566 |   360 |   258 |   290 ||  1828
Dodge: Dodged            |    91 |   148 |   711 |   558 |   584 |  1053 |   716 |   480 |   490 ||  4831
Block: Kite shield       |       |       |       |       |       |   632 |       |       |       ||   632
       Buckler           |       |       |       |       |       |   158 |   488 |   433 |   390 ||  1469

Table legend: (Time is in decaauts)
 A = Elapsed time spent in this place.
 B = Non-inter-level travel time spent in this place.
 C = Inter-level travel time spent in this place.
 D = Time resting spent in this place.
 E = Time spent auto-exploring this place.
 F = Levels seen in this place.
 G = Mean time per level.
                   A        B        C        D        E       F      G
               +--------+--------+--------+--------+--------+-----+--------+
         Total |  92398 |  85000 |   7398 |  20549 |  46895 |  56 | 1650.0 |
       Dungeon |  22221 |  19826 |   2395 |   2659 |  13380 |  15 | 1481.4 |
          Lair |   8726 |   7574 |   1152 |   1954 |   4181 |   5 | 1745.2 |
         Swamp |   7235 |   6958 |    277 |   1935 |   3519 |   4 | 1808.8 |
   Spider Nest |   9493 |   8252 |   1241 |   2205 |   4316 |   4 | 2373.2 |
    Slime Pits |   3705 |   3532 |    173 |   1033 |   1533 |   5 |  741.0 |
  Orcish Mines |   3340 |   3101 |    239 |   1167 |   1373 |   2 | 1670.0 |
   Elven Halls |   7935 |   7563 |    372 |   2625 |   3409 |   3 | 2645.0 |
        Vaults |  12035 |  11447 |    588 |   2432 |   7042 |   5 | 2407.0 |
        Depths |   5714 |   5160 |    554 |    153 |   4123 |   4 | 1428.5 |
           Zot |  10809 |  10405 |    404 |   4248 |   3714 |   5 | 2161.8 |
         Sewer |    244 |    244 |      0 |      0 |    146 |   1 |  244.0 |
        Bailey |    554 |    554 |      0 |    120 |     42 |   1 |  554.0 |
    Desolation |     95 |     95 |      0 |     16 |      0 |   1 |   95.0 |
      Gauntlet |    288 |    288 |      0 |      0 |    114 |   1 |  288.0 |
               +--------+--------+--------+--------+--------+-----+--------+

Top non-repeatable levels by time:
   Elf:3: 3525 daAuts
Vaults:4: 3344 daAuts
Vaults:5: 3167 daAuts
Spider:2: 3010 daAuts
   Elf:2: 2995 daAuts
 Swamp:2: 2933 daAuts
    D:15: 2831 daAuts
   Orc:2: 2784 daAuts
   Zot:4: 2775 daAuts
Spider:4: 2461 daAuts
   Zot:5: 2327 daAuts
   Zot:1: 2322 daAuts
   Zot:3: 2264 daAuts
    D:14: 2175 daAuts
Spider:1: 2146 daAuts
